 Dungeon Crawl Stone Soup version 0.24-a0-375-g4de66ed42b (webtiles) character file.

Game seed: 10100161149861831386

149 Craser the Chopper (level 5, -2/45 HPs)
             Began as a Minotaur Berserker on May 31, 2019.
             Was a Believer of Trog.
             Slain by a gnoll
             ... wielding a +0 halberd
              (10 damage)
             ... on level 4 of the Dungeon.
             The game lasted 00:07:47 (1986 turns).

Craser the Chopper (Minotaur Berserker)             Turns: 1986, Time: 00:07:48

Health: -2/45      AC: 12    Str: 21    XL:     5   Next: 9%
Magic:  4/4        EV:  6    Int:  4    God:    Trog [**....]
Gold:   138        SH:  0    Dex: 11    Spells: 4/4 levels left

rFire    . . .     SeeInvis .   a - +0 hand axe
rCold    . . .     Gourm    .   (no shield)
rNeg     . . .     Faith    .   k - +0 plate armour
rPois    .         Spirit   .   (helmet restricted)
rElec    .         Reflect  .   (no cloak)
rCorr    .         Harm     .   n - +0 pair of gloves
MR       .....                  (no boots)
Stlth    ..........             (no amulet)
HPRegen  0.15/turn              (no ring)
MPRegen  0.09/turn              (no ring)

@: no status effects
A: retaliatory headbutt, horns 2
a: Berserk, Trog's Hand, Renounce Religion


You were on level 4 of the Dungeon.
You worshipped Trog.
Trog was pleased with you.
You were not hungry.

You visited 1 branch of the dungeon, and saw 4 of its levels.

You collected 138 gold pieces.


Innate Abilities, Weirdness & Mutations

You reflexively headbutt those who attack you in melee.
You have a pair of horns on your head.


   Skills:
 - Level 3.6 Fighting
 + Level 7.0 Axes
 - Level 2.4 Armour
 - Level 2.1 Dodging


You had 4 spell levels left.
You didn't know any spells.
Your spell library was empty.

Inventory:

Hand Weapons
 a - a +0 hand axe (weapon)
Armour
 k - a +0 plate armour (worn)
 n - a +0 pair of gloves (worn)
Scrolls
 b - a scroll of teleportation {unknown}
 d - a scroll of remove curse {unknown}
 h - a scroll of fear {unknown}
 i - a scroll of identify {@r1}
 p - a scroll of enchant weapon {unknown}
 q - a scroll of magic mapping {unknown}
 r - a scroll of enchant armour {unknown}
Potions
 e - 2 potions of might
 g - a potion of lignification {unknown}
 j - 2 potions of curing {@q1}
 l - a potion of heal wounds {unknown}
 m - a potion of haste {unknown}
 o - a potion of berserk rage {unknown}
Comestibles
 c - 6 rations

Dungeon Overview and Level Annotations

Branches:
Dungeon (4/15)
 Temple: D:4-7

Altars:
Hepliaklqana
Makhleb
Wu Jian

.. .▒ .▒ .... ..
)▒.▒▒.▒ ▒▒▒ .....▒
▒▒ .. .%▒.▒ .... ▒
▒.▒.▒ .▒. ▒.▒▒)▒g▒
.. ▒....H.▒ .▒
▒▒▒▒.▒▒▒▒▒▒.▒▒▒...
▒.()...<.......
▒.▒▒▒▒.........
.... ......<....
▒▒....▒▒.>....▒..
▒.... .......▒ ▒
.....▒▒▒▒▒▒▒▒▒
▒..▒..▒


You could see a gnoll.


Message History

You furiously retaliate!
You headbutt the gnoll!
You kill the gnoll!
Trog accepts your kill.
Your Axes skill increases to level 7!
The gnoll closely misses you. You furiously retaliate!
You headbutt the gnoll, but do no damage.
Found a quarterstaff.
Your plate armour prevents you from hitting the gnoll.
You headbutt the gnoll.
The gnoll is lightly wounded.
The gnoll hits you with a +0 halberd!
* * * LOW HITPOINT WARNING * * *
You hit the gnoll. Your headbutt misses the gnoll.
The gnoll is heavily wounded.
The gnoll hits you with a +0 halberd!
* * * LOW HITPOINT WARNING * * *
You hit the gnoll but do no damage.
The gnoll is moderately wounded.
A jackal comes into view.
The jackal barks!
You slash the gnoll!
The gnoll is almost dead.
The gnoll barely misses you.
You barely miss the gnoll.
The gnoll is almost dead.
The gnoll hits you with a +0 halberd!
You die...

Action                   |  1- 3 |  4- 6 || total
-------------------------+-------+-------++-------
Melee: Hand axe          |    52 |    78 ||   130
       Headbutt          |    10 |    10 ||    20
  Use: Scroll            |       |     2 ||     2
  Eat: Chunk             |       |     3 ||     3
Armor: Animal skin       |     8 |       ||     8
       Scale mail        |     2 |     1 ||     3
       Plate armour      |       |    47 ||    47
Dodge: Dodged            |    25 |    25 ||    50

Levels and vault maps discovered:
D:1:      dpeg_arrival_arbitrary_b, layout_rooms
D:2:      layout_basic, makhleb_blood_cavern_becter, first_ration
D:3:      layout_loops_corners, nicolae_overflow_hidden_temple,
          overflow_temple_1_default
D:4:      layout_loops_cross, minmay_temple_entry_drinking_statues,
          okawaru_gym_becter

Notes
Turn   | Place    | Note
-------+----------+-------------------------------------------
     0 | D:1      | Craser the Minotaur Berserker began the quest for the Orb.
     0 | D:1      | Reached XP level 1. HP: 19/19 MP: 0/0
    37 | D:1      | Reached skill level 4 in Axes
   122 | D:1      | Reached XP level 2. HP: 22/26 MP: 1/1
   366 | D:1      | Reached skill level 5 in Axes
   403 | D:1      | Reached ** piety under Trog
   549 | D:2      | Reached XP level 3. HP: 31/31 MP: 2/2
   613 | D:2      | Found a burning altar of Makhleb.
   698 | D:2      | Reached skill level 6 in Axes
   698 | D:2      | Reached XP level 4. HP: 38/39 MP: 3/3
  1309 | D:3      | Found an ornate altar of the Wu Jian Council.
  1578 | D:3      | Found a hazy altar of Hepliaklqana.
  1976 | D:4      | Reached XP level 5. HP: 31/45 MP: 4/4
  1980 | D:4      | Reached skill level 7 in Axes
  1986 | D:4      | Slain by a gnoll

Vanquished Creatures
  A hound (D:2)
  3 gnolls (D:4)
  2 adders (D:2)
  An ooze (D:2)
  2 worms (D:2)
  2 leopard geckos (D:1)
  4 orcs (D:3)
  4 bats
  4 giant cockroaches
  9 goblins
  5 hobgoblins
  8 kobolds
  2 quokkas (D:2)
  4 frilled lizards
  5 rats
56 creatures vanquished.
